 Dungeon Crawl Stone Soup version 0.29.0-4-gdea44cf6ec (webtiles) character file.

Game seed: 7980455869215835959

323 qw the Chopper (level 6, -7/35 HPs)
             Began as a Tengu Warper on Aug 28, 2022.
             Mangled by an ogre
             ... wielding a +0 giant club
              (17 damage)
             ... on level 4 of the Dungeon.
             The game lasted 00:00:25 (4046 turns).

qw the Chopper (Tengu Warper)                       Turns: 4046, Time: 00:00:26

Health: -7/35      AC:  5    Str: 13    XL:     6   Next: 47%
Magic:  10/10      EV: 10    Int: 14    God:
Gold:   309        SH:  8    Dex: 13    Spells: 9/9 levels left

rFire   + . .      SeeInvis .   Y - +0 hand axe (vorpal)
rCold   + . .      Faith    .   f - +0 kite shield
rNeg    . . .      Spirit   .   g - +0 ring mail
rPois   .          Reflect  .   (helmet restricted)
rElec   .          Harm     .   h - scarf {rC+ rF+}
rCorr   .          Rampage  .   (no gloves)
Will    .....                   (boots unavailable)
Stlth   +.........              (no amulet)
HPRegen 0.11/turn               (no ring)
MPRegen 0.12/turn               (no ring)

@: flying quickly and evasively, quick
A: beak, talons 3, nimble flight
a: no special abilities


You were on level 4 of the Dungeon.
You visited 1 branch of the dungeon, and saw 4 of its levels.

You collected 348 gold pieces.
You spent 39 gold pieces at shops.


Innate Abilities, Weirdness & Mutations

You have a beak for a mouth.
You have claws for feet.
Your magical nature lets you fly swiftly and evasively.


   Skills:
 - Level 2.0 Fighting
 - Level 6.0 Axes
 - Level 1.0 Throwing
 - Level 1.1 Armour
 - Level 2.1 Dodging
 + Level 3.4 Shields
 - Level 2.0 Spellcasting
 - Level 2.4 Translocations


You had 9 spell levels left.
You didn't know any spells.
Your spell library contained the following spells:

 Spells                   Type           Power      Damage    Failure   Level
 Blink                    Tloc           16%        N/A       65%         2
 Gell's Gravitas          Tloc           8%         N/A       87%         3
 Lesser Beckoning         Tloc           8%         N/A       87%         3
 Teleport Other           Tloc           8%         N/A       87%         3
 Manifold Assault         Tloc           8%         N/A       100%        5

Inventory:

Hand Weapons
 a - a +0 flail
 Y - a +0 vorpal hand axe (weapon)
Armour
 f - a +0 kite shield (worn)
 g - a +0 ring mail (worn)
 h - a scarf of resistance (worn)
Jewellery
 n - a ring of willpower
Scrolls
 b - a scroll of identify
 l - a scroll of noise {unknown}
Potions
 c - a potion of flight {unknown}
 d - a potion of might
 e - a potion of curing {unknown}
 i - a potion of brilliance {unknown}
 j - a potion of heal wounds
 k - a potion of invisibility {unknown}
 m - 2 potions of ambrosia {unknown}

Dungeon Overview and Level Annotations

Branches:
Dungeon (4/15)
 Temple: D:4-7

Altars:
Dithmenos

Shops:
D:1 ?(


Message History

The jackal bites you but does no damage. x2
You completely miss the jackal. You claw the jackal.
The jackal is almost dead.
You hit the jackal but do no damage. The jackal bites you.
The jackal misses you. You block the jackal's attack.
The jackal barely misses you.
You hit the jackal.
You kill the jackal!
You hit the jackal.
You kill the jackal!
You start resting.
HP restored.
You see here a jackal corpse.
You now have 309 gold pieces (gained 17).
You reach down and open the door.
There is an open door here.
You reach down and open the door.
A goblin comes into view. It is wielding a +0 club.
You completely miss the goblin. You block the goblin's attack.
You closely miss the goblin. You claw the goblin, but do no damage.
Your peck misses the goblin. The goblin closely misses you.
You closely miss the goblin. You claw the goblin.
You kill the goblin!
There is an open door here.
Things that are here:
a +0 club; a goblin corpse An ogre comes into view.
It is wielding a +0 giant club.
You hit the ogre. You claw the ogre, but do no damage. You peck the ogre.
The ogre is moderately wounded.
You block the ogre's attack.
You hit the ogre.
The ogre is moderately wounded.
The ogre hits you with a +0 giant club!!
Ouch! That really hurt!
You barely miss the ogre. You claw the ogre!
The ogre is heavily wounded.
The ogre hits you with a +0 giant club!
You die...

#..## ##..# ##.## #.#.
###. #. .### #O.# #@.#
######)# #.'....# ##
#.#.88.# ####.
#.#.88.### ######....
#.#....#.####.....####
#.######...%..#######.
#..#......##### ##...
##.....##.# ##....


You could see an ogre.

Vanquished Creatures
  A black bear (D:4)
  A hound (D:4)
  An iguana (D:4)
  6 gnolls
  4 adders
  2 dart slugs
  2 orcs
  3 bats
  4 endoplasms
  2 giant cockroaches
  9 hobgoblins
  9 jackals
  4 quokkas
  5 ball pythons
  3 frilled lizards
  6 goblins
  5 kobolds
  5 rats
72 creatures vanquished.

Vanquished Creatures (others)
  17 plants (D:1)
17 creatures vanquished.

Grand Total: 89 creatures vanquished

Notes
Turn   | Place    | Note
-------+----------+-------------------------------------------
     0 | D:1      | qw the Tengu Warper began the quest for the Orb.
     0 | D:1      | Reached XP level 1. HP: 12/12 MP: 4/4
     0 | D:1      | 0 ||| qw: Version: 0.1-a-89-g26bdef1
     0 | D:1      | 0 ||| qw: Game counter: 1463
     0 | D:1      | 0 ||| qw: Always use a shield: true
     0 | D:1      | 0 ||| qw: God list: Okawaru
     0 | D:1      | 0 ||| qw: Allow faded altars: false
     0 | D:1      | 0 ||| qw: Do Orc after D:15 true
     0 | D:1      | 0 ||| qw: Do second Lair branch before Depths: true
     0 | D:1      | 0 ||| qw: Lair rune preference: random
     0 | D:1      | 0 ||| qw: Plans: Normal
     0 | D:1      | 0 ||| PLANNING D:1-11
   210 | D:1      | Reached XP level 2. HP: 16/17 MP: 6/6
   233 | D:1      | Reached skill level 3 in Axes
   726 | D:1      | Reached XP level 3. HP: 15/21 MP: 7/7
   852 | D:1      | Found Raaczy's Magic Scroll Shoppe.
   867 | D:1      | 867 ||| SHOPLISTING scroll of brand weapon (123 gold, have
                  | 43).
   867 | D:1      | 867 ||| BUYING scroll of teleportation (39 gold).
   867 | D:1      | Bought a scroll of teleportation for 39 gold pieces
   867 | D:1      | 867 ||| SHOPLISTING scroll of teleportation (39 gold, have
                  | 4).
   941 | D:1      | Found Ofityrgh's Weapon Emporium.
  1028 | D:1      | 1028 ||| UPGRADING to +0 kite shield.
  1033 | D:1      | 1033 ||| UPGRADING to +0 ring mail.
  1043 | D:1      | 1043 ||| DROPPING +0 leather armour.
  1044 | D:1      | 1044 ||| READING scroll labelled LEREMP MUDI.
  1045 | D:1      | 1045 ||| READING scroll labelled ETAALA XIPAEZ.
  1046 | D:1      | 1046 ||| DRINKING 2 silvery potions.
  1047 | D:1      | 1047 ||| DROPPING scroll of blinking.
  1092 | D:2      | 1092 ||| Stepping ~*~*~tactically~*~*~ (stealth).
  1103 | D:2      | Reached skill level 1 in Shields
  1103 | D:2      | 1103 ||| Stepping ~*~*~tactically~*~*~ (stealth).
  1107 | D:2      | 1107 ||| Stepping ~*~*~tactically~*~*~ (stealth).
  1108 | D:2      | 1108 ||| DROPPING +0 whip.
  1110 | D:2      | 1110 ||| Stepping ~*~*~tactically~*~*~ (hiding).
  1118 | D:2      | Reached XP level 4. HP: 18/26 MP: 8/8
  1343 | D:2      | Reached skill level 4 in Axes
  2111 | D:2      | 2111 ||| READING scroll labelled YPHUIN VOGUIT.
  2112 | D:2      | 2112 ||| READING scroll labelled MESHESTUFFU.
  2113 | D:2      | 2113 ||| DRINKING 2 fizzy coppery potions.
  2126 | D:3      | Found a faded altar of an unknown god.
  2127 | D:3      | 2127 ||| STAIRDANCE
  2166 | D:3      | 2166 ||| READING 2 scrolls of teleportation.
  2167 | D:3      | 2167 ||| STAIRDANCE
  2608 | D:3      | Reached skill level 3 in Shields
  2648 | D:3      | Gained mutation: Your magical nature lets you fly swiftly
                  | and evasively. [Tengu growth]
  2648 | D:3      | Reached XP level 5. HP: 30/30 MP: 9/9
  2897 | D:3      | 2897 ||| Stepping ~*~*~tactically~*~*~ (hiding).
  3003 | D:3      | HP: 4/30 [gnoll/+0 club (5)]
  3004 | D:3      | 3004 ||| READING scroll of teleportation.
  3005 | D:3      | 3005 ||| DRINKING 2 potions of heal wounds.
  3144 | D:3      | 3144 ||| UPGRADING to scarf of resistance.
  3149 | D:3      | 3149 ||| READING scroll labelled YXULIO COHITHRAXT.
  3182 | D:4      | Found a shadowy altar of Dithmenos.
  3297 | D:4      | Noticed a black bear
  3309 | D:4      | Killed a black bear
  3310 | D:4      | Reached skill level 5 in Axes
  3310 | D:4      | Reached XP level 6. HP: 20/35 MP: 10/10
  3515 | D:4      | Reached skill level 6 in Axes
  3736 | D:4      | 3736 ||| Stepping ~*~*~tactically~*~*~ (hiding).
  4046 | D:4      | Mangled by an ogre

Levels and vault maps discovered:
D:1:      roderic_crop_circles_arrival_small, layout_basic, serial_shops, shop,
          nicolae_shop_bloodbath_and_beyond
D:2:      layout_rooms, hangedman_feature_mirror
D:3:      layout_basic, nicolae_ecumenical_oubliette, kennysheep_big_empty_room,
          minmay_door_square
D:4:      minmay_chambers_of_fours, layout_cave_pods,
          nicolae_hepliaklqana_monster_ancestors, amcnicky_altar_gilded

Skill      XL: |  1  2  3  4  5  6 |
---------------+-------------------+-----
Axes           | 3 4 5 6 |  6.0
Shields        | 1 3 |  3.4
Fighting       | |  2.0
Throwing       | |  1.0
Armour         | |  1.1
Dodging        | |  2.1
Spellcasting   | |  2.0
Translocations | |  2.4

Action                   |  1- 3 |  4- 6 || total
-------------------------+-------+-------++-------
Melee: Hand axe          |    57 |   142 ||   199
       Kick              |    18 |    38 ||    56
       Peck              |     6 |    21 ||    27
Throw: Boomerang         |     7 |       ||     7
  Use: Scroll            |     2 |     5 ||     7
       Potion            |     1 |     2 ||     3
Armor: Leather armour    |     5 |       ||     5
       Ring mail         |     3 |    49 ||    52
Dodge: Dodged            |    31 |    35 ||    66
Block: Kite shield       |     2 |    54 ||    56

Table legend:
 A = Non-vault XP
 B = Vault XP
 C = Vault XP percentage of total XP
 D = Non-vault monster count
 E = Vault monster count
 F = Vault count percentage of total count
                 A         B        C        D         E       F
            +---------+---------+-------+---------+---------+-------
      Total |     445 |      17 |   3.7 |      69 |       3 |   4.2
            +---------+---------+-------+---------+---------+-------
        D:1 |      39 |       0 |   0.0 |      24 |       0 |   0.0
        D:2 |      76 |      15 |  16.5 |      14 |       2 |  12.5
        D:3 |      92 |       0 |   0.0 |      17 |       0 |   0.0
        D:4 |     238 |       2 |   0.8 |      14 |       1 |   6.7
            +---------+---------+-------+---------+---------+-------
